 Dungeon Crawl Stone Soup version 0.25.0-9-g26727b657a (webtiles) character file.

Game seed: 10173658004181130180

3029 Lanoc the Carver (level 9, -12/96 HPs)
             Began as an Octopode Berserker on June 18, 2020.
             Was a High Priest of Trog.
             Shot with an arrow by a centaur (14 damage)
             ... on level 7 of the Dungeon.
             The game lasted 00:10:16 (6614 turns).

Lanoc the Carver (Octopode Berserker)               Turns: 6614, Time: 00:10:17

Health: -12/96     AC:  5    Str: 16    XL:     9   Next: 86%
Magic:  13/13      EV: 21    Int:  6    God:    Trog [*****.]
Gold:   143        SH:  0    Dex: 14    Spells: 8/8 levels left

rFire    . . .     SeeInvis .   o - +7 scythe (freeze)
rCold    . . .     Gourm    .   (shield currently unavailable)
rNeg     . . .     Faith    .   (helmet restricted)
rPois    .         Spirit   .   (no amulet)
rElec    .         Reflect  .   c - +4 ring of protection
rCorr    .         Harm     .   q - -4 ring of intelligence (curse)
MR       .....                  v - +4 ring of evasion
Stlth    ..........             x - ring of stealth
HPRegen  0.26/turn              (no ring)
MPRegen  0.13/turn              (no ring)
                                (no ring)
                                (no ring)

@: berserking (expiring), lethally poisoned (-12 -> -12), very quick
A: almost no armour, stealthy swim, amphibious, 8 rings, constrict 8, camouflage
1, gelatinous body 1
a: Berserk, Trog's Hand, Brothers in Arms, Renounce Religion


You were on level 7 of the Dungeon.
You worshipped Trog.
Trog was extremely pleased with you.
You were hungry.

You visited 2 branches of the dungeon, and saw 8 of its levels.
You also visited: Sewer.

You collected 273 gold pieces.
You spent 130 gold pieces at shops.

Inventory:

Hand Weapons
 a - a +0 falchion
 o - a +7 scythe of freezing (weapon)
 y - a +2 vampiric battleaxe
Jewellery
 c - a +4 ring of protection (left tentacle)
 q - a cursed -4 ring of intelligence (right tentacle)
 v - a +4 ring of evasion (on tentacle)
 x - a ring of stealth (on tentacle)
Wands
 n - a wand of digging (5)
 w - a wand of disintegration (28)
Scrolls
 d - a scroll of fear {unknown}
 g - 2 scrolls of immolation
 l - a scroll of amnesia {unknown}
 m - a scroll of blinking
 r - 2 scrolls of teleportation
 t - a scroll of remove curse {unknown}
Potions
 e - 4 potions of flight {unknown}
 f - 6 potions of curing {unknown}
 h - 2 potions of degeneration {unknown}
 i - 3 potions of heal wounds
 j - 4 potions of haste {unknown}
 k - 2 potions of mutation {unknown}
 p - a potion of ambrosia
 s - 2 potions of lignification
 u - 2 potions of cancellation {unknown}
Comestibles
 b - 13 rations


   Skills:
 + Level 7.3 Fighting
 - Level 8.0 Long Blades
 + Level 7.3 Dodging
 * Level 6.3 Evocations


You had 8 spell levels left.
You didn't know any spells.
Your spell library was empty.

Dungeon Overview and Level Annotations

Branches:
Dungeon (7/15)             Temple (1/1) D:4           Sewer (visited)

Altars:
Ashenzari
Gozag
Hepliaklqana
Nemelex Xobeh
Okawaru
Trog
Xom
The Shining One

Shops:
D:5 !

Annotations:
D:6 1 runed translucent door


Innate Abilities, Weirdness & Mutations

You cannot wear most types of armour.
You are very stealthy in the water. (Stealth+)
You are amphibious.
You can wear up to eight rings at the same time.
You can use your tentacles to constrict eight enemies at once.
Your skin changes colour to match your surroundings (Stealth+).
Your rubbery body absorbs attacks. (AC +1, EV +1)


Message History

You kill the hound!
Trog accepts your kill.
You feel sick.
The centaur wields a +0 shortbow.
The centaur shoots an arrow.
The arrow hits you!
* * * LOW HITPOINT WARNING * * *
You are too berserk!
The centaur shoots an arrow.
The arrow hits you but does no damage.
Items here: $ ( ) ? [ †† Attack whom?
Press: ? - help, Dir - move target cursor, f - centaur
Aim: a centaur, wielding a +0 shortbow and quivering 13 arrows You reach to attack!
You closely miss the centaur.
The centaur shoots an arrow.
The arrow misses you.
The centaur shoots an arrow.
The arrow hits you!
* * * LOW HITPOINT WARNING * * *
Attack whom?
Press: ? - help, Dir - move target cursor, f/p - centaur
Aim: a centaur, wielding a +0 shortbow and quivering 11 arrows You reach to attack!
You completely miss the centaur.
You feel sick.
The centaur shoots an arrow.
The arrow hits you!
You die...

# # ######### # ####
#.......# # #... #.......#
# ###... #.......# # .....
##.......# #
#...########........# ##
#...#c.@(.......)...###.
#.#..############.###..
#...## #.###)# #..#..#
####.##..# ##...##
######..)))..##
)..#.######........))....
#....Z......#.####.........
.....o. #...#######...###
#.. _.. ##....#####...#


You could see a centaur.

Vanquished Creatures
  The ghost of vurker the Chopper, a novice HOGl of Hepliaklqana (D:6)
  Sigmund (D:3)
  Menkaure (D:6)
  A water moccasin (D:2)
  2 orc warriors
  A phantom (D:4)
  An ice beast (D:5)
  A sky beast (D:6)
  4 ogres
  An eye of draining (D:6)
  A big kobold (Sewer)
  A bullfrog (D:6)
  2 scorpions (D:7)
  A water moccasin skeleton (D:6)
  4 killer bees (D:7)
  A howler monkey (D:4)
  5 wights (D:7)
  4 crimson imps
  A bullfrog zombie (D:6)
  2 hounds
  A jelly (D:7)
  An orc priest (D:6)
  An orc wizard (D:7)
  A bullfrog skeleton (D:7)
  Terence (D:2)
  2 worker ants
  A hound zombie (D:6)
  Robin (D:2)
  3 gnolls
  A howler monkey skeleton (D:6)
  2 river rats
  12 adders
  An adder zombie (D:6)
  7 worms
  3 dart slugs
  4 leopard geckos
  9 orcs
  10 bats
  7 giant cockroaches
  20 goblins
  11 hobgoblins
  13 jackals
  13 kobolds
  3 quokkas
  A ball python skeleton (D:4)
  10 frilled lizards
  A quokka skeleton (D:7)
  16 rats
192 creatures vanquished.

Notes
Turn   | Place    | Note
-------+----------+-------------------------------------------
     0 | D:1      | Lanoc the Octopode Berserker began the quest for the Orb.
     0 | D:1      | Reached XP level 1. HP: 16/16 MP: 1/1
   310 | D:1      | Reached XP level 2. HP: 21/21 MP: 2/2
   409 | D:1      | Reached XP level 3. HP: 26/26 MP: 3/3
   466 | D:1      | Reached ** piety under Trog
  1312 | D:2      | Reached skill level 4 in Long Blades
  1312 | D:2      | Reached XP level 4. HP: 31/31 MP: 4/4
  1362 | D:2      | Noticed Terence
  1370 | D:2      | Killed Terence
  1535 | D:2      | Reached XP level 5. HP: 27/37 MP: 5/5
  1744 | D:2      | Noticed a water moccasin
  1749 | D:2      | Killed a water moccasin
  1749 | D:2      | Reached skill level 5 in Long Blades
  1749 | D:2      | Reached XP level 6. HP: 43/43 MP: 6/6
  1861 | D:2      | Noticed Robin
  1874 | D:2      | Killed Robin
  1879 | D:2      | Reached *** piety under Trog
  2686 | D:3      | Noticed Sigmund
  2694 | D:3      | Killed Sigmund
  2694 | D:3      | Reached XP level 7. HP: 49/49 MP: 7/7
  2844 | D:3      | Reached skill level 6 in Long Blades
  2865 | D:3      | Found a glowing drain.
  2869 | Sewer    | Entered a sewer
  2975 | Sewer    | Reached **** piety under Trog
  3043 | Sewer    | Found a glowing silver altar of Zin.
  3314 | D:3      | Found a shimmering altar of Xom.
  3329 | D:3      | Reached skill level 5 in Fighting
  3329 | D:3      | Reached skill level 5 in Dodging
  3804 | D:4      | Found a staircase to the Ecumenical Temple.
  3815 | Temple   | Entered the Ecumenical Temple
  3861 | D:4      | Found a glowing golden altar of the Shining One.
  3962 | D:4      | Reached skill level 7 in Long Blades
  3962 | D:4      | Reached XP level 8. HP: 55/55 MP: 8/8
  4119 | D:5      | Entered Level 5 of the Dungeon
  4155 | D:5      | Found Qegh's Distillery.
  4159 | D:5      | Bought 2 potions of heal wounds for 130 gold pieces
  4984 | D:6      | Found a shattered altar of Ashenzari.
  4991 | D:6      | Reached skill level 8 in Long Blades
  5094 | D:6      | Reached skill level 1 in Evocations
  5213 | D:6      | Found an opulent altar of Gozag.
  5238 | D:6      | Reached XP level 9. HP: 61/62 MP: 9/11
  5283 | D:6      | Found a runed translucent door.
  5286 | D:6      | Noticed vurker's ghost (novice HOGl)
  5307 | D:6      | Killed vurker's ghost
  5343 | D:6      | Found an opulent altar of Gozag.
  5351 | D:6      | Found a runed translucent door.
  5672 | D:6      | Noticed Menkaure
  5678 | D:6      | Killed Menkaure
  6020 | D:6      | Found a bloodstained altar of Trog.
  6302 | D:7      | Reached skill level 5 in Evocations
  6558 | D:7      | Reached ***** piety under Trog
  6570 | D:7      | Found a sparkling altar of Nemelex Xobeh.
  6613 | D:7      | HP: 3/96 [centaur/arrow (10)]
  6614 | D:7      | Shot with an arrow by a centaur

Illustrated notes

Levels and vault maps discovered:
D:1:      evilmike_arrival_rings, layout_basic
D:2:      layout_loops_corners, minmay_pentomino_o4, uniq_robin, uniq_terence
D:3:      layout_basic, gup_sewer_entry_spiral, led_xom_imps, uniq_sigmund
D:4:      layout_rooms, minmay_temple_entry_sparse_star, first_ration,
          nicolae_tso_swordbearing_angel
D:5:      layout_basic, serial_shops, nicolae_shop_stone
D:6:      layout_basic, evilmike_ruin_ashenzari, ebering_ghost_sewer_f,
          corexii_corridor_pit, hangedman_feature_mirror, st_stairs_1,
          trog_three_pillars_becter, uniq_menkaure
D:7:      layout_rooms, basic_altar
Temple:   minmay_crystal_snake_temple

Skill      XL: |  1  2  3  4  5  6  7  8  9 |
---------------+----------------------------+-----
Long Blades    | 4 5 7 8 |  8.0
Fighting       | 4 5 6 7 |  7.3
Dodging        | 4 5 6 7 |  7.3
Evocations     | 2 6 |  6.3

Action                   |  1- 3 |  4- 6 |  7- 9 || total
-------------------------+-------+-------+-------++-------
Melee: Falchion          |    54 |   102 |    10 ||   166
       Constrict         |    25 |    31 |    36 ||    92
       Tentacles         |    11 |    20 |    28 ||    59
       Scythe            |       |       |   205 ||   205
Invok: Berserk           |     2 |     4 |     7 ||    13
  Use: Scroll            |       |       |     7 ||     7
       Potion            |       |       |     1 ||     1
 Stab: Sleeping          |     6 |     5 |    13 ||    24
       Distracted        |     1 |       |     2 ||     3
  Eat: Chunk             |     3 |     7 |    20 ||    30
Armor: Skin              |     9 |    19 |    35 ||    63
Dodge: Dodged            |    58 |    62 |   205 ||   325
       Rpst.: Falchion   |    21 |    16 |     2 ||    39
